 Dungeon Crawl Stone Soup version 0.30.0-19-g36f170ea60 (webtiles) character file.

Game seed: 4809959818569384778

5021 FishyPogo the Changer (level 10, -2/96 HPs)
             Began as a Troll Transmuter on May 30, 2023.
             Was a Believer of Elyvilon.
             Slain by a centaur warrior
             ... wielding a staff of fire
              (5 damage)
             ... on level 8 of the Dungeon.
             The game lasted 00:44:34 (6009 turns).

FishyPogo the Changer (Troll Transmuter)            Turns: 6009, Time: 00:44:35

Health: -2/96      AC:  6    Str: 24    XL:     10   Next: 30%
Magic:  12/12      EV: 10    Int:  9    God:    Elyvilon [**....]
Gold:   385        SH:  0    Dex: 10    Spells: 7/13 levels left

rFire   . .          .
                       - Unarmed
rCold   . . .        (no shield)
rNeg    . . .        x - +2 robe
rPois   .            (helmet currently unavailable)
rElec   .            (no cloak)
rCorr   .            (gloves unavailable)
SInv    .            (boots unavailable)
Will    .....        k - amulet of magic regeneration
Stlth   +            w - ring of flight
HPRegen 1.16/turn    o - +4 ring of slaying
MPRegen 0.53/turn

%: no passive effects
@: appendages, flying
A: horns 2, talons 2, large, unfitting armour, claws 3, regeneration 1, shaggy
fur 1, tough skin 1
a: End Transformation, Renounce Religion, Purification, Heal Other


You were on level 8 of the Dungeon.
You worshipped Elyvilon.
Elyvilon was pleased with you.
You had temporarily grown beastly horns and talons.
You visited 2 branches of the dungeon, and saw 9 of its levels.

You collected 545 gold pieces.
You spent 160 gold pieces at shops.

Inventory:

Hand Weapons
 J - a +1 scimitar of flaming
Missiles
 c - 63 stones
 e - 3 javelins
 s - 6 poisoned darts (quivered)
 H - a boomerang
 I - a silver boomerang
Armour
 x - a +2 robe (worn)
 C - an orb of wrath
Magical Staves
 b - a staff of poison
Jewellery
 i - an amulet of faith
 j - a ring of willpower
 k - an amulet of magic regeneration (around neck)
 o - a +4 ring of slaying (right claw)
 w - a ring of flight (left claw)
 E - an amulet of the acrobat
Wands
 t - a wand of digging (4)
 G - a wand of flame (12)
Scrolls
 a - a scroll of enchant weapon {unknown}
 g - 8 scrolls of identify
 h - a scroll of magic mapping
 m - 2 scrolls of vulnerability
 y - a scroll of immolation {unknown}
 F - a scroll of torment {unknown}
Potions
 f - 2 potions of might
 l - 5 potions of curing
 p - 2 potions of haste
 q - a potion of flight
 r - 3 potions of attraction {unknown}
 u - 2 potions of lignification
 v - a potion of cancellation {unknown}
 z - a potion of mutation
 A - a potion of berserk rage
 B - a potion of brilliance {unknown}
 D - a potion of ambrosia {unknown}
Miscellaneous
 d - a piece from Xom's chessboard (15/15)


   Skills:
 + Level 5.3 Fighting
 - Level 2.0 Dodging
 + Level 7.0 Unarmed Combat
 + Level 2.2 Spellcasting
 * Level 7.1 Transmutations
 + Level 1.0 Ice Magic
 + Level 3.9 Poison Magic
 * Level 4.4 Invocations


You had 7 spell levels left.
You knew the following spells:

 Your Spells              Type           Power      Damage    Failure   Level
a - Beastly Appendage     Tmut           26%        N/A       1%          1
b - Wereblood             Tmut           13%        N/A       2%          2
c - Spider Form           Tmut/Pois      10%        N/A       10%         3

Your spell library contained the following spells:

 Spells                   Type           Power      Damage    Failure   Level
 Necrotise                Necr           4%         1d4       32%         1
 Ice Form                 Ice/Tmut       8%         N/A       52%         4
 Call Canine Familiar     Summ           1%         N/A       69%         3
 Gell's Gravitas          Tloc           1%         N/A       69%         3
 Portal Projectile        Hex/Tloc       2%         N/A       69%         3
 Teleport Other           Tloc           1%         N/A       69%         3
 Vampiric Draining        Necr           1%         2d6       69%         3
 Anguish                  Hex/Necr       0%         N/A       97%         4
 Cause Fear               Hex            0%         N/A       97%         4
 Leda's Liquefaction      Hex/Erth       0%         N/A       97%         4
 Agony                    Necr           1%         N/A       100%        5
 Dispersal                Tloc           0%         N/A       100%        6
 Enfeeble                 Hex            0%         N/A       100%        7


Dungeon Overview and Level Annotations

Branches:
Dungeon (8/15)             Temple (1/1) D:4            Lair (0/5) D:8

Altars:
Cheibriados
Elyvilon
Ru
Uskayaw
Xom

Shops:
D:5 !   D:7 ?


Innate Abilities, Weirdness & Mutations

You have temporarily grown beastly horns and talons.
You are too large for most types of armour.
You have claws for hands.
Your natural rate of healing is unusually fast.
You are covered in fur. (AC +1)
You have tough skin. (AC +1)


Message History

Casting: Beastly Appendage (safe; 1% risk of failure)
Confirm with . or Enter, or press ? or * to list all spells.
You grow a pair of large bovine horns.
Your feet morph into talons.
The centaur warrior wields a +0 shortbow.
The centaur warrior shoots an arrow.
The arrow hits you!!
The centaur warrior shoots an arrow.
The arrow hits you!!
The centaur warrior unwields a +0 shortbow.
The centaur warrior wields a staff of fire.
The centaur warrior hits you with a staff of fire!
The centaur warrior burns you!
* * * LOW HITPOINT WARNING * * *
The centaur warrior barely misses you.
You mangle the centaur warrior!!
Your headbutt misses the centaur warrior.
The centaur warrior is heavily wounded.
The centaur warrior hits you with a staff of fire.
* * * LOW HITPOINT WARNING * * *
The centaur warrior burns you!
* * * LOW HITPOINT WARNING * * *
The centaur warrior kicks you.
* * * LOW HITPOINT WARNING * * *
The centaur warrior hits you with a staff of fire!
* * * LOW HITPOINT WARNING * * *
The centaur warrior kicks you but does no damage.
Press: ? - help, v - describe, . - travel
Here: a centaur warrior, wielding a staff of fire (heavily wounded)
The floor, spattered with blood.
Okay, then.
You feel better.
The centaur warrior hits you with a staff of fire.
* * * LOW HITPOINT WARNING * * *
The centaur warrior burns you.
* * * LOW HITPOINT WARNING * * *
The centaur warrior kicks you but does no damage.
You are too injured to fight recklessly!
You claw the centaur warrior! You claw the centaur warrior.
The centaur warrior is severely wounded.
The centaur warrior hits you but does no damage.
The centaur warrior burns you.
You die...

########### #.........#
#.#######.#
########.#######.####
....................#
######.#..###.#..##.#####
#.#..###.#..#.......
######.#@.....#..#..#####
#......c......<.....#####
########........................
..........###.#.######..##.###..
#######...# #.#.........##.##...
#...# #.########.###.#....
#...###.########.# #.##...
#....##...)......# #.###..
#..#.############# #.# ##.


You could see a centaur warrior.

Vanquished Creatures
  A death knight (D:8)
  A manticore (D:8)
  An efreet (D:8)
  A tengu conjurer (D:8)
  2 steam dragons (D:8)
  A vampire mosquito (D:8)
  5 water moccasins
  An acid dragon (D:8)
  3 sky beasts
  An orc warrior (D:6)
  A black bear (D:4)
  2 ice beasts (D:6)
  An ogre (D:6)
  5 phantoms
  3 bullfrogs
  5 scorpions
  8 wights
  2 howler monkeys (D:5)
  3 orc priests
  6 hounds
  A jelly (D:7)
  An iguana (D:6)
  Natasha (D:2)
  6 sleepcaps
  An orc wizard (D:2)
  8 adders
  A shadow imp (D:7)
  3 white imps (D:6)
  An ufetubus (D:6)
  3 dart slugs
  15 orcs
  5 endoplasms
  3 giant cockroaches
  5 goblins
  9 hobgoblins
  7 jackals
  4 kobolds
  A quokka (D:3)
  8 ball pythons
  2 bats (D:2)
  2 frilled lizards
  4 rats
144 creatures vanquished.

Vanquished Creatures (others)
  A scorpion (D:6)
1 creature vanquished.

Grand Total: 145 creatures vanquished

Notes
Turn   | Place    | Note
-------+----------+-------------------------------------------
     0 | D:1      | FishyPogo the Troll Transmuter began the quest for the Orb.
     0 | D:1      | Reached XP level 1. HP: 18/18 MP: 1/1
    92 | D:1      | Reached skill level 1 in Fighting
   159 | D:1      | Reached XP level 2. HP: 27/27 MP: 0/2
   162 | D:1      | Learned a level 2 spell: Wereblood
   670 | D:2      | Reached XP level 3. HP: 14/33 MP: 4/4
   675 | D:2      | HP: 1/33 [something (4)]
   931 | D:2      | Reached XP level 4. HP: 41/41 MP: 3/5
   936 | D:2      | Learned a level 3 spell: Spider Form
  1136 | D:2      | Reached skill level 1 in Poison Magic
  1140 | D:2      | Noticed Natasha
  1145 | D:2      | Killed Natasha
  1320 | D:2      | Reached XP level 5. HP: 36/48 MP: 6/6
  1745 | D:3      | Found a white marble altar of Elyvilon.
  1753 | D:3      | Became a worshipper of Elyvilon the Healer
  2040 | D:3      | Reached * piety under Elyvilon
  2256 | D:3      | Found a sacrificial altar of Ru.
  2378 | D:4      | Noticed a phantom
  2383 | D:4      | Noticed a black bear
  2392 | D:4      | Killed a phantom
  2393 | D:4      | Reached XP level 6. HP: 48/57 MP: 6/8
  2434 | D:4      | Found a staircase to the Ecumenical Temple.
  2736 | D:4      | Reached ** piety under Elyvilon
  2744 | D:4      | Found a hide-covered altar of Uskayaw.
  2744 | D:4      | Found a snail-covered altar of Cheibriados.
  2791 | D:4      | Reached XP level 7. HP: 66/66 MP: 7/9
  2958 | Temple   | Entered the Ecumenical Temple
  2972 | D:5      | Entered Level 5 of the Dungeon
  3123 | D:5      | Reached skill level 5 in Unarmed Combat
  3128 | D:5      | Reached XP level 8. HP: 63/75 MP: 10/10
  3135 | D:5      | Reached skill level 5 in Transmutations
  3491 | D:5      | Found Hailuj's Distillery.
  3498 | D:5      | Bought a potion of mutation for 80 gold pieces
  3498 | D:5      | Bought a potion of curing for 30 gold pieces
  3498 | D:5      | Bought a potion of berserk rage for 50 gold pieces
  3850 | D:6      | Reached *** piety under Elyvilon
  4145 | D:6      | Reached XP level 9. HP: 85/85 MP: 11/11
  4238 | D:6      | Reached skill level 1 in Invocations
  4245 | D:6      | Found a shimmering altar of Xom.
  4412 | D:7      | Found Ofitiffu's Magic Scroll Emporium.
  5036 | D:8      | Found a staircase to the Lair.
  5195 | D:8      | Reached skill level 5 in Fighting
  5628 | D:8      | Noticed an efreet
  5633 | D:8      | Noticed a death knight
  5635 | D:8      | Noticed a tengu conjurer
  5636 | D:8      | Noticed a manticore
  5637 | D:8      | Elyvilon protects you from harm!
  5723 | D:8      | Killed a manticore
  5724 | D:8      | Reached XP level 10. HP: 83/96 MP: 12/12
  5753 | D:8      | Elyvilon protects you from harm!
  5754 | D:8      | Noticed a centaur warrior
  5868 | D:8      | Killed a death knight
  5877 | D:8      | Reached skill level 1 in Ice Magic
  6007 | D:8      | HP: 2/96 [centaur warrior/staff of fire (11)]
  6009 | D:8      | Slain by a centaur warrior

Illustrated notes

Levels and vault maps discovered:
D:1:      psy_arrival_radial01, layout_rooms
D:2:      layout_loops_corners, kennysheep_generic_room_16, uniq_natasha
D:3:      layout_rooms, nicolae_ru_the_path_less_chosen,
          mainiacjoe_overflow_boulevard
D:4:      layout_basic, jmf_multi_god_temple, temple_statues
D:5:      minmay_octagon_keep, layout_basic, serial_shops, shop_statue,
          st_stairs_5
D:6:      layout_basic, xom_confusion_cloud, grunt_ministairs_15,
          roderic_serpentine_path, hex_tiny
D:7:      layout_loops_ring, serial_shops, nicolae_shop_waterfront
D:8:      minmay_blocky_corners, layout_loops_ring, lair_entry_dummy,
          feat_on_display
Temple:   grunt_temple_mini_profane

Skill      XL: |  1  2  3  4  5  6  7  8  9 10 |
---------------+-------------------------------+-----
Fighting       | 1 2 3 4 5 |  5.3
Dodging        | 2 |  2.0
Transmutations | 2 3 4 5 6 7 |  7.1
Poison Magic   | 1 2 3 |  3.9
Unarmed Combat | 4 5 6 7 |  7.0
Spellcasting   | 2 |  2.2
Invocations    | 3 4 |  4.4
Ice Magic      | 1 |  1.0

Action                     |  1- 3 |  4- 6 |  7- 9 | 10-12 || total
---------------------------+-------+-------+-------+-------++-------
  Melee: Unarmed           |    58 |    89 |   183 |    26 ||   356
         Kick              |     7 |     6 |    36 |     7 ||    56
         Headbutt          |     2 |     4 |    22 |     3 ||    31
         Punch             |     1 |     2 |     5 |       ||     8
  Throw: Dart              |       |     1 |     4 |       ||     5
   Cast: Beastly Appendage |     8 |    14 |    28 |     3 ||    53
         Wereblood         |       |     6 |    11 |     1 ||    18
         Spider Form       |       |       |     2 |     1 ||     3
 Invoke: Heal Other        |       |       |     4 |     2 ||     6
         Heal Self         |       |       |       |     5 ||     5
Ability: End Transformatio |       |       |     1 |       ||     1
    Use: Scroll            |     1 |       |     6 |     1 ||     8
         Potion            |     1 |       |     1 |     3 ||     5
   Stab: Sleeping          |     1 |       |     1 |       ||     2
         Distracted        |     1 |       |       |       ||     1
 Armour: Robe              |    11 |    21 |    44 |    11 ||    87
         Skin              |       |       |     1 |       ||     1
  Dodge: Dodged            |    30 |    32 |    75 |    16 ||   153
